CHARLOTTE Checkers vs CALGARY Wranglers

Created - 22 avril 2024 at 11:11

Goals
1 2 3 T
CHARLOTTE Checkers 0 0 0 0
CALGARY Wranglers 1 1 0 2
Shots
1 2 3 T
CHARLOTTE Checkers 14 6 8 28
CALGARY Wranglers 11 10 10 31

1st period

1. CALGARY Wranglers , Egor Zamula 6 (Gabriel Fortier 23, Jared McIsaac 23) at 11:43

Penalties :
Daniil Miromanov (cgy) for Tripping (Minor) at 2:08, Martin Pospisil (flo) for Interference (Minor) at 2:08, Egor Zamula (cgy) for Roughing (Minor) at 4:47, Tyler Tucker (cgy) for Hooking (Minor) at 6:20, Nick Cicek (flo) for Cross-checking (Minor) at 9:27, Hendrix Lapierre (cgy) for Tripping (Minor) at 14:36

2nd period

2. CALGARY Wranglers , Juraj Slafkovsky 44 (Tyler Tucker 98, Jack Drury 79) at 4:32

Penalties :
Will Cuylle (cgy) for Roughing (Minor) at 15:42

3rd period

No Goal

Penalties :
Albin Grewe (flo) for Delaying the game (Minor) at 12:17, Alex Galchenyuk (cgy) for High sticking (Minor) at 19:18

Goalie Stats

Hugo Alnefelt (flo), 29 saves from 31 shots - (0,935), L, 40-33-2, 60:00 minutes
Justus Annunen (cgy), 28 saves from 28 shots - (1,000), W, 71-24-6, 60:00 minutes

Players Stats for CHARLOTTE Checkers

Player Name              G  A  P  +/- PIM S  H  SB GA TA FO     MP     PP MP  PK MP  
------------------------------------------------------------------------------------
Albin Grewe              0  0  0   0  2   2  2  2  0  0  1/3    20:03   3:26   1:13 
Alexandre Texier         0  0  0  -1  0   3  1  0  0  0  2/17   19:14   4:27   1:59 
Danny O'Regan            0  0  0   0  0   1  0  0  0  0  3/8     7:52   0:00   0:00 
Josh Brook               0  0  0   0  0   2  0  3  0  0  0/0    23:56   4:39   2:01 
Justin Kirkland          0  0  0  -1  0   2  0  0  0  0  0/1    17:22   3:26   1:08 
Martin Pospisil          0  0  0  -1  2   2  1  0  0  0  2/2    11:45   0:00   0:00 
Matt Kiersted            0  0  0   0  0   1  1  0  0  0  0/0    23:56   4:39   2:01 
Max Gildon               0  0  0   0  0   2  0  0  0  0  0/0    20:48   3:25   1:47 
Michael Callahan         0  0  0  -2  0   2  1  3  0  0  0/0    15:28   0:07   0:22 
Michael Raffl            0  0  0   0  0   3  3  0  0  0  0/0    20:01   4:45   0:58 
Michael Sgarbossa        0  0  0   0  0   0  0  0  0  0  14/30  22:36   4:45   2:26 
Nick Cicek               0  0  0  -2  2   1  3  0  0  0  0/0    15:05   0:07   0:00 
Nick Henry               0  0  0   0  0   0  2  0  0  0  0/1     7:52   0:00   0:00 
Nikita Popugaev          0  0  0  -1  0   0  2  0  0  0  1/1    11:56   0:00   0:00 
Stefan Matteau           0  0  0   0  0   0  1  0  0  0  1/1     7:52   0:00   0:00 
T.J. Tynan               0  0  0  -1  0   3  1  0  0  0  7/14   15:42   3:44   0:12 
Tyrell Goulbourne        0  0  0  -1  0   0  1  0  0  0  1/1    11:46   0:00   0:00 
Yan Kuznetsov            0  0  0   0  0   4  0  0  0  0  0/0    20:46   3:25   1:45 

Players Stats for CALGARY Wranglers

Player Name              G  A  P  +/- PIM S  H  SB GA TA FO     MP     PP MP  PK MP  
------------------------------------------------------------------------------------
Akito Hirose             0  0  0   1  0   2  0  1  0  0  0/0    24:24   1:48   4:21 
Alex Galchenyuk          0  0  0   1  2   0  2  1  0  0  0/0    17:15   2:14   0:00 
Arnaud Durandeau         0  0  0   0  0   1  0  0  0  0  1/2     9:13   0:00   0:00 
Brock Faber              0  0  0   0  0   3  2  0  0  0  0/0    21:03   1:44   3:42 
Daniil Miromanov         0  0  0   0  2   1  3  1  0  0  0/0    20:26   1:44   4:16 
Egor Sokolov             0  0  0   0  0   3  0  0  0  0  0/0    13:08   2:14   0:00 
Egor Zamula              1  0  1   1  2   3  1  1  0  0  0/0    16:05   0:26   1:00 
Gabriel Fortier          0  1  1   1  0   1  1  0  0  0  1/1    10:44   0:00   0:01 
Graeme Clarke            0  0  0   0  0   2  1  0  0  0  0/0     9:13   0:00   0:00 
Hendrix Lapierre         0  0  0   1  2   1  1  0  0  0  7/12   12:18   0:00   1:36 
Jack Drury               0  1  1   1  0   4  0  0  0  0  16/24  20:31   1:44   3:04 
Jake Leschyshyn          0  0  0   0  0   1  3  0  0  0  16/28  18:58   2:14   4:32 
Jared McIsaac            0  1  1   1  0   0  0  0  0  0  0/0    14:28   0:00   0:00 
Jean-Luc Foudy           0  0  0   0  0   1  1  0  0  0  4/7     9:13   0:00   0:00 
Juraj Slafkovsky         1  0  1   1  0   3  1  0  0  0  1/3    22:41   1:44   4:37 
Samuel Fagemo            0  0  0   1  0   0  2  0  0  0  1/1    10:43   0:00   0:00 
Tyler Tucker             0  1  1   1  2   1  0  1  0  0  0/0    23:31   2:14   3:02 
Will Cuylle              0  0  0   0  2   4  2  0  0  0  0/1    15:24   1:44   2:06 

3 Stars

1 - Justus Annunen (cgy)
2 - Juraj Slafkovsky (cgy)
3 - Egor Zamula (cgy)

Power Play

CHARLOTTE Checkers - 0 on 5 Attempt(s) - 0,00%
CALGARY Wranglers - 0 on 2 Attempt(s) - 0,00%

Penalty Kill

CHARLOTTE Checkers - 2 on 2 Attempt(s) - 100,00% - Score 0 goal in Penalty Kill
CALGARY Wranglers - 5 on 5 Attempt(s) - 100,00% - Score 0 goal in Penalty Kill

Team Stat

CHARLOTTE Checkers - Hits : 19 - Faceoff Wins : 32 - Blocked Shots : 8 - Penalty Minutes : 6
CALGARY Wranglers - Hits : 20 - Faceoff Wins : 47 - Blocked Shots : 5 - Penalty Minutes : 12

Official

Referees : Unknown
Linesman : Unknown

Game Notes

No Game Note

CHARLOTTE Checkers

5 vs 5 Forward 
   Center                   Left Wing                Right Wing               Time % Phy DF OF 
 1 Michael Sgarbossa        Albin Grewe              Michael Raffl            40     1   2  2  
 2 Alexandre Texier         Nikita Popugaev          Justin Kirkland          30     1   2  2  
 3 T.J. Tynan               Tyrell Goulbourne        Martin Pospisil          20     1   2  2  
 4 Danny O'Regan            Stefan Matteau           Nick Henry               10     1   2  2  

5 vs 5 Defense 
   Defense                  Defense                                           Time % Phy DF OF 
 1 Matt Kiersted            Josh Brook                                        40     1   2  2  
 2 Max Gildon               Yan Kuznetsov                                     30     1   2  2  
 3 Michael Callahan         Nick Cicek                                        20     1   2  2  
 4 Matt Kiersted            Josh Brook                                        10     1   2  2  

PowerPlay Forward 
   Center                   Left Wing                Right Wing               Time % Phy DF OF 
 1 Michael Sgarbossa        Alexandre Texier         Michael Raffl            60     1   2  2  
 2 T.J. Tynan               Albin Grewe              Justin Kirkland          40     1   2  2  

PowerPlay Defense
   Defense                  Defense                                           Time % Phy DF OF 
 1 Matt Kiersted            Josh Brook                                        60     1   2  2  
 2 Max Gildon               Yan Kuznetsov                                     40     1   2  2  

Penalty Kill 4 Players Forward 
   Center                   Wing                     Time % Phy DF OF 
 1 Michael Sgarbossa        Albin Grewe              60     1   2  2  
 2 Alexandre Texier         Justin Kirkland          40     1   2  2  

Penalty Kill 4 Players Defense
   Defense                  Defense                  Time % Phy DF OF 
 1 Matt Kiersted            Josh Brook               60     1   2  2  
 2 Max Gildon               Yan Kuznetsov            40     1   2  2  

Penalty Kill - 3 Players Forward 
   Forward                                           Time % Phy DF OF 
 1 Michael Sgarbossa                                 60     1   2  2  
 2 Alexandre Texier                                  40     1   2  2  

Penalty Kill - 3 Players Defense
   Defense                  Defense                  Time % Phy DF OF 
 1 Matt Kiersted            Josh Brook               60     1   3  1  
 2 Max Gildon               Yan Kuznetsov            40     1   3  1  

4 vs 4 Forward 
   Center                   Wing                     Time % Phy DF OF 
 1 Michael Sgarbossa        Albin Grewe              60     1   2  2  
 2 Alexandre Texier         Justin Kirkland          40     1   2  2  

4 vs 4 Defense
   Defense                  Defense                  Time % Phy DF OF 
 1 Matt Kiersted            Josh Brook               60     1   2  2  
 2 Max Gildon               Yan Kuznetsov            40     1   2  2  

Last Minutes Offensive
   Center                   Left Wing                Right Wing               Defense                  Defense                  
   Michael Sgarbossa        Albin Grewe              Michael Raffl            Matt Kiersted            Josh Brook               

Last Minutes Defensive
   Center                   Left Wing                Right Wing               Defense                  Defense                  
   Michael Sgarbossa        Albin Grewe              Michael Raffl            Matt Kiersted            Josh Brook               

Goaltenders
Starting : Hugo Alnefelt            
Backup : Keith Kinkaid            

Extra Forwards
Normal : Michael Sgarbossa, T.J. Tynan, Justin Kirkland - PP : T.J. Tynan, Alexandre Texier - PK : Alexandre Texier
Extra Defensemen
Normal : Matt Kiersted, Yan Kuznetsov, Nick Cicek - PP : Matt Kiersted - PK : Yan Kuznetsov, Michael Callahan
Penalty Shots
Michael Sgarbossa, Michael Raffl, Alexandre Texier, T.J. Tynan, Albin Grewe

Scratches
Jesse Gabrielle (Healthy), Gabriel Gagne (Healthy), Vincent Dunn (Healthy), Igor Shvyrev (Healthy), Justin Almeida (Healthy)

CALGARY Wranglers

5 vs 5 Forward 
   Center                   Left Wing                Right Wing               Time % Phy DF OF 
 1 Jack Drury               Alex Galchenyuk          Juraj Slafkovsky         40     1   2  2  
 2 Jake Leschyshyn          Will Cuylle              Egor Sokolov             30     1   2  2  
 3 Hendrix Lapierre         Gabriel Fortier          Samuel Fagemo            20     1   2  2  
 4 Jean-Luc Foudy           Arnaud Durandeau         Graeme Clarke            10     1   2  2  

5 vs 5 Defense 
   Defense                  Defense                                           Time % Phy DF OF 
 1 Tyler Tucker             Akito Hirose                                      40     1   2  2  
 2 Brock Faber              Daniil Miromanov                                  30     1   2  2  
 3 Egor Zamula              Jared McIsaac                                     20     1   2  2  
 4 Tyler Tucker             Akito Hirose                                      10     1   2  2  

PowerPlay Forward 
   Center                   Left Wing                Right Wing               Time % Phy DF OF 
 1 Jake Leschyshyn          Egor Sokolov             Alex Galchenyuk          60     1   2  2  
 2 Jack Drury               Will Cuylle              Juraj Slafkovsky         40     1   2  2  

PowerPlay Defense
   Defense                  Defense                                           Time % Phy DF OF 
 1 Tyler Tucker             Akito Hirose                                      60     1   2  2  
 2 Brock Faber              Daniil Miromanov                                  40     1   2  2  

Penalty Kill 4 Players Forward 
   Center                   Wing                     Time % Phy DF OF 
 1 Jake Leschyshyn          Juraj Slafkovsky         60     1   2  2  
 2 Jack Drury               Will Cuylle              40     1   2  2  

Penalty Kill 4 Players Defense
   Defense                  Defense                  Time % Phy DF OF 
 1 Tyler Tucker             Akito Hirose             60     1   2  2  
 2 Brock Faber              Daniil Miromanov         40     1   2  2  

Penalty Kill - 3 Players Forward 
   Forward                                           Time % Phy DF OF 
 1 Jake Leschyshyn                                   60     1   2  2  
 2 Jack Drury                                        40     1   2  2  

Penalty Kill - 3 Players Defense
   Defense                  Defense                  Time % Phy DF OF 
 1 Tyler Tucker             Akito Hirose             60     1   2  2  
 2 Brock Faber              Daniil Miromanov         40     1   2  2  

4 vs 4 Forward 
   Center                   Wing                     Time % Phy DF OF 
 1 Jake Leschyshyn          Juraj Slafkovsky         60     1   2  2  
 2 Jack Drury               Will Cuylle              40     1   2  2  

4 vs 4 Defense
   Defense                  Defense                  Time % Phy DF OF 
 1 Tyler Tucker             Akito Hirose             60     1   2  2  
 2 Brock Faber              Daniil Miromanov         40     1   2  2  

Last Minutes Offensive
   Center                   Left Wing                Right Wing               Defense                  Defense                  
   Jake Leschyshyn          Juraj Slafkovsky         Alex Galchenyuk          Tyler Tucker             Akito Hirose             

Last Minutes Defensive
   Center                   Left Wing                Right Wing               Defense                  Defense                  
   Jake Leschyshyn          Juraj Slafkovsky         Alex Galchenyuk          Tyler Tucker             Akito Hirose             

Goaltenders
Starting : Justus Annunen           
Backup : Antoine Bibeau           

Extra Forwards
Normal : Juraj Slafkovsky, Graeme Clarke, Will Cuylle - PP : Gabriel Fortier, Graeme Clarke - PK : Hendrix Lapierre
Extra Defensemen
Normal : Daniil Miromanov, Egor Zamula, Jared McIsaac - PP : Daniil Miromanov - PK : Daniil Miromanov, Egor Zamula
Penalty Shots
Jake Leschyshyn, Jack Drury, Alex Galchenyuk, Juraj Slafkovsky, Egor Sokolov

Scratches
David Quenneville (Healthy), Guillaume Brisebois (Healthy), Thomas Schemitsch (Healthy), Skyler McKenzie (Healthy), Matthew Strome (Healthy)
Tim Gettinger (Healthy), Arsen Khisamutdinov (Healthy), Mason Primeau (Healthy), Trenton Bourque (Healthy), Cedric Pare (Healthy)
Serron Noel (Healthy), Victor Berglund (Healthy), Alexander Pashin (Healthy)

% Time on Ice - CHARLOTTE Checkers

Lines # - Real PCT - Wanted PCT - Time Play
Normal Forward
1 - 31% - 40% - 14:18
2 - 26% - 30% - 11:56
3 - 26% - 20% - 11:46
4 - 17% - 10% - 7:52
Normal Defense
1 - 35% - 40% - 16:06
2 - 31% - 30% - 14:26
3 - 33% - 20% - 14:59
4 - 1% - 10% - 0:21
PP Forward
1 - 58% - 60% - 4:45
2 - 42% - 40% - 3:26
PP Defense
1 - 57% - 60% - 4:39
2 - 43% - 40% - 3:32
PK Forward
1 - 81% - 60% - 3:12
2 - 19% - 40% - 0:46
PK Defense
1 - 51% - 60% - 2:01
2 - 49% - 40% - 1:57
PK3 Forward
1 - 0% - 60%
2 - 0% - 40%
PK3 Defense
1 - 0% - 60%
2 - 0% - 40%
44 Forward
1 - 56% - 60% - 1:07
2 - 44% - 40% - 0:52
44 Defense
1 - 41% - 60% - 0:49
2 - 59% - 40% - 1:10
Last Minute Offensive  - 0:00
Last Minute Defensive  - 0:00
Total
Forward - 60:00
Defense - 60:00

% Time on Ice - CALGARY Wranglers

Lines # - Real PCT - Wanted PCT - Time Play
Normal Forward
1 - 33% - 40% - 15:02
2 - 24% - 30% - 10:54
3 - 23% - 20% - 10:43
4 - 20% - 10% - 9:13
Normal Defense
1 - 36% - 40% - 16:19
2 - 32% - 30% - 14:27
3 - 30% - 20% - 13:59
4 - 2% - 10% - 1:07
PP Forward
1 - 56% - 60% - 2:14
2 - 44% - 40% - 1:44
PP Defense
1 - 56% - 60% - 2:14
2 - 44% - 40% - 1:44
PK Forward
1 - 60% - 60% - 4:41
2 - 40% - 40% - 3:04
PK Defense
1 - 52% - 60% - 4:03
2 - 48% - 40% - 3:42
PK3 Forward
1 - 100% - 60% - 0:26
2 - 0% - 40% - 0:00
PK3 Defense
1 - 100% - 60% - 0:26
2 - 0% - 40% - 0:00
44 Forward
1 - 66% - 60% - 1:18
2 - 34% - 40% - 0:41
44 Defense
1 - 41% - 60% - 0:49
2 - 59% - 40% - 1:10
Last Minute Offensive  - 0:00
Last Minute Defensive  - 0:00
Total
Forward - 60:00
Defense - 60:00

Play-by-Play

1st period


0:01 of 1st period - Jack Drury wins face-off versus Albin Grewe in neutral zone.
0:24 of 1st period - Tyler Tucker is hit by Michael Raffl.
0:58 of 1st period - Tyler Tucker is hit by Nikita Popugaev and loses puck.
1:24 of 1st period - Icing by Daniil Miromanov.
1:25 of 1st period - T.J. Tynan wins face-off versus Jake Leschyshyn in CALGARY Wranglers zone.
1:32 of 1st period - Shot by Martin Pospisil.
1:32 of 1st period - Shot Hit the Post.
1:34 of 1st period - Shot by Tyrell Goulbourne.
1:34 of 1st period - Deflect By T.J. Tynan.
1:34 of 1st period - Stopped by Justus Annunen without a rebound.
1:35 of 1st period - Hendrix Lapierre wins face-off versus Danny O'Regan in CALGARY Wranglers zone.
1:35 of 1st period - Gabriel Fortier is hit by Nick Henry.
1:42 of 1st period - Jared McIsaac is hit by Stefan Matteau and loses puck.
1:47 of 1st period - Shot by Egor Zamula.
1:47 of 1st period - Stopped by Hugo Alnefelt without a rebound.
1:48 of 1st period - Tyrell Goulbourne wins face-off versus Jean-Luc Foudy in CHARLOTTE Checkers zone.
1:48 of 1st period - Tyrell Goulbourne is hit by Jean-Luc Foudy.
2:08 of 1st period - Shot by Matt Kiersted.
2:08 of 1st period - Stopped by Justus Annunen without a rebound.
2:08 of 1st period - Minor Penalty to Daniil Miromanov for Tripping.
2:08 of 1st period - Minor Penalty to Martin Pospisil for Interference.
2:09 of 1st period - Michael Sgarbossa wins face-off versus Juraj Slafkovsky in CALGARY Wranglers zone.
2:28 of 1st period - Shot by Jake Leschyshyn.
2:28 of 1st period - Shot Misses the Net.
3:09 of 1st period - Shot by Matt Kiersted.
3:09 of 1st period - Shot Misses the Net.
3:12 of 1st period - Icing by Jack Drury.
3:13 of 1st period - Michael Sgarbossa wins face-off versus Jack Drury in CALGARY Wranglers zone.
3:38 of 1st period - Shot by Jack Drury.
3:38 of 1st period - Stopped by Hugo Alnefelt without a rebound.
3:39 of 1st period - Alexandre Texier wins face-off versus Jake Leschyshyn in CHARLOTTE Checkers zone.
3:39 of 1st period - Yan Kuznetsov is hit by Jake Leschyshyn and loses puck.
3:54 of 1st period - Shot by Alexandre Texier.
3:54 of 1st period - Deflect By Justin Kirkland.
3:54 of 1st period - Shot Misses the Net.
3:58 of 1st period - Shot by Justin Kirkland.
3:58 of 1st period - Shot Misses the Net.
4:00 of 1st period - Shot by Yan Kuznetsov.
4:00 of 1st period - Shot Misses the Net.
4:32 of 1st period - Shot by Michael Callahan.
4:32 of 1st period - Stopped by Justus Annunen without a rebound.
4:33 of 1st period - Jean-Luc Foudy wins face-off versus Danny O'Regan in CALGARY Wranglers zone.
4:40 of 1st period - Nick Henry is hit by Graeme Clarke.
4:47 of 1st period - Minor Penalty to Egor Zamula for Roughing.
4:48 of 1st period - Jake Leschyshyn wins face-off versus Michael Sgarbossa in CALGARY Wranglers zone.
5:42 of 1st period - Shot by Yan Kuznetsov.
5:42 of 1st period - Stopped by Justus Annunen with a rebound.
5:44 of 1st period - Shot by Yan Kuznetsov.
5:44 of 1st period - Stopped by Justus Annunen without a rebound.
5:45 of 1st period - Jack Drury wins face-off versus T.J. Tynan in CALGARY Wranglers zone.
5:45 of 1st period - Jack Drury is hit by T.J. Tynan.
5:52 of 1st period - Icing by Justin Kirkland.
5:53 of 1st period - Jack Drury wins face-off versus Justin Kirkland in CHARLOTTE Checkers zone.
5:56 of 1st period - Shot by Jack Drury.
5:56 of 1st period - Shot Blocked by Albin Grewe.
5:59 of 1st period - Icing by T.J. Tynan.
6:00 of 1st period - Jake Leschyshyn wins face-off versus T.J. Tynan in CHARLOTTE Checkers zone.
6:07 of 1st period - Shot by Albin Grewe.
6:07 of 1st period - Stopped by Justus Annunen without a rebound.
6:08 of 1st period - Michael Sgarbossa wins face-off versus Jake Leschyshyn in CALGARY Wranglers zone.
6:20 of 1st period - Minor Penalty to Tyler Tucker for Hooking.
6:21 of 1st period - T.J. Tynan wins face-off versus Jake Leschyshyn in CALGARY Wranglers zone.
6:22 of 1st period - Shot by Max Gildon.
6:22 of 1st period - Stopped by Justus Annunen without a rebound.
6:23 of 1st period - Jake Leschyshyn wins face-off versus Michael Sgarbossa in CALGARY Wranglers zone.
7:29 of 1st period - Shot by Max Gildon.
7:29 of 1st period - Stopped by Justus Annunen without a rebound.
7:30 of 1st period - Albin Grewe wins face-off versus Hendrix Lapierre in CALGARY Wranglers zone.
7:37 of 1st period - Shot by Yan Kuznetsov.
7:37 of 1st period - Stopped by Justus Annunen without a rebound.
7:38 of 1st period - Michael Sgarbossa wins face-off versus Jack Drury in CALGARY Wranglers zone.
7:39 of 1st period - Shot by Michael Raffl.
7:39 of 1st period - Stopped by Justus Annunen without a rebound.
7:40 of 1st period - Jake Leschyshyn wins face-off versus Alexandre Texier in CALGARY Wranglers zone.
8:41 of 1st period - Shot by Martin Pospisil.
8:41 of 1st period - Shot Misses the Net.
8:43 of 1st period - Shot by Yan Kuznetsov.
8:43 of 1st period - Shot Blocked by Akito Hirose.
9:02 of 1st period - Max Gildon is hit by Brock Faber.
9:27 of 1st period - Minor Penalty to Nick Cicek for Cross-checking.
9:28 of 1st period - Jake Leschyshyn wins face-off versus Michael Sgarbossa in CHARLOTTE Checkers zone.
9:53 of 1st period - Shot by Egor Zamula.
9:53 of 1st period - Stopped by Hugo Alnefelt without a rebound.
9:54 of 1st period - Jack Drury wins face-off versus Michael Sgarbossa in CHARLOTTE Checkers zone.
10:15 of 1st period - Shot by Juraj Slafkovsky.
10:15 of 1st period - Shot Misses the Net.
10:17 of 1st period - Shot by Jack Drury.
10:17 of 1st period - Shot Misses the Net.
10:19 of 1st period - Shot by Brock Faber.
10:19 of 1st period - Stopped by Hugo Alnefelt without a rebound.
10:20 of 1st period - Jake Leschyshyn wins face-off versus Alexandre Texier in CHARLOTTE Checkers zone.
10:35 of 1st period - Michael Sgarbossa is hit by Jake Leschyshyn and loses puck.
11:16 of 1st period - Shot by Brock Faber.
11:16 of 1st period - Stopped by Hugo Alnefelt with a rebound.
11:28 of 1st period - Michael Callahan is hit by Samuel Fagemo and loses puck.
11:41 of 1st period - Shot by Gabriel Fortier.
11:41 of 1st period - Shot Misses the Net.
11:43 of 1st period - Shot by Egor Zamula.
11:43 of 1st period - Goal by Egor Zamula - CHARLOTTE Checkers : 0 - CALGARY Wranglers : 1.
11:44 of 1st period - Arnaud Durandeau wins face-off versus Danny O'Regan in neutral zone.
12:09 of 1st period - Shot by Jean-Luc Foudy.
12:09 of 1st period - Deflect By Graeme Clarke.
12:09 of 1st period - Stopped by Hugo Alnefelt with a rebound.
12:37 of 1st period - Icing by Nick Cicek.
12:38 of 1st period - Jack Drury wins face-off versus Nick Henry in CHARLOTTE Checkers zone.
13:12 of 1st period - Shot by Juraj Slafkovsky.
13:12 of 1st period - Shot Misses the Net.
13:16 of 1st period - Shot by Jack Drury.
13:16 of 1st period - Deflect By Juraj Slafkovsky.
13:16 of 1st period - Stopped by Hugo Alnefelt without a rebound.
13:17 of 1st period - Jake Leschyshyn wins face-off versus Alexandre Texier in CHARLOTTE Checkers zone.
13:22 of 1st period - Shot by Jake Leschyshyn.
13:22 of 1st period - Shot Misses the Net.
13:24 of 1st period - Shot by Will Cuylle.
13:24 of 1st period - Shot Blocked by Josh Brook.
13:26 of 1st period - Shot by Will Cuylle.
13:26 of 1st period - Shot Hit the Post.
14:13 of 1st period - Shot by Gabriel Fortier.
14:13 of 1st period - Shot Blocked by Josh Brook.
14:36 of 1st period - Minor Penalty to Hendrix Lapierre for Tripping.
14:37 of 1st period - Michael Sgarbossa wins face-off versus Jake Leschyshyn in CALGARY Wranglers zone.
14:40 of 1st period - Shot by T.J. Tynan.
14:40 of 1st period - Stopped by Justus Annunen without a rebound.
14:41 of 1st period - Jake Leschyshyn wins face-off versus Michael Sgarbossa in CALGARY Wranglers zone.
14:54 of 1st period - Shot by Michael Raffl.
14:54 of 1st period - Stopped by Justus Annunen without a rebound.
14:55 of 1st period - Michael Sgarbossa wins face-off versus Jake Leschyshyn in CALGARY Wranglers zone.
15:36 of 1st period - Off-side.
15:37 of 1st period - T.J. Tynan wins face-off versus Jack Drury in neutral zone.
15:37 of 1st period - Matt Kiersted is hit by Will Cuylle and loses puck.
16:47 of 1st period - Shot by Danny O'Regan.
16:47 of 1st period - Shot Misses the Net.
16:49 of 1st period - Shot by Nick Cicek.
16:49 of 1st period - Stopped by Justus Annunen without a rebound.
16:50 of 1st period - T.J. Tynan wins face-off versus Jean-Luc Foudy in CALGARY Wranglers zone.
16:50 of 1st period - Tyrell Goulbourne is hit by Brock Faber and loses puck.
17:10 of 1st period - Shot by Michael Callahan.
17:10 of 1st period - Stopped by Justus Annunen without a rebound.
17:11 of 1st period - Samuel Fagemo wins face-off versus Michael Sgarbossa in CALGARY Wranglers zone.
17:16 of 1st period - Shot by Hendrix Lapierre.
17:16 of 1st period - Shot Misses the Net.
19:04 of 1st period - Shot by Egor Sokolov.
19:04 of 1st period - Shot Misses the Net.
19:06 of 1st period - Shot by Brock Faber.
19:06 of 1st period - Deflect By Will Cuylle.
19:06 of 1st period - Stopped by Hugo Alnefelt with a rebound.
19:08 of 1st period - Shot by Jake Leschyshyn.
19:08 of 1st period - Stopped by Hugo Alnefelt without a rebound.
19:09 of 1st period - Jean-Luc Foudy wins face-off versus Alexandre Texier in CHARLOTTE Checkers zone.
19:13 of 1st period - Jean-Luc Foudy is hit by Nick Cicek and loses puck.
19:26 of 1st period - Shot by Jean-Luc Foudy.
19:26 of 1st period - Shot Misses the Net.
19:30 of 1st period - Shot by Jean-Luc Foudy.
19:30 of 1st period - Shot Misses the Net.
19:32 of 1st period - Shot by Arnaud Durandeau.
19:32 of 1st period - Shot Blocked by Michael Callahan.
19:40 of 1st period - Shot by Graeme Clarke.
19:40 of 1st period - Stopped by Hugo Alnefelt without a rebound.
19:41 of 1st period - Danny O'Regan wins face-off versus Jake Leschyshyn in CHARLOTTE Checkers zone.
19:54 of 1st period - Off-side.
19:55 of 1st period - Michael Sgarbossa wins face-off versus Hendrix Lapierre in neutral zone.
Goals for this period are 0 for CHARLOTTE Checkers vs 1 for CALGARY Wranglers.
Shots for this period are 14 for CHARLOTTE Checkers vs 11 for CALGARY Wranglers.

2nd period


0:01 of 2nd period - Jack Drury wins face-off versus Michael Sgarbossa in neutral zone.
0:26 of 2nd period - Icing by Josh Brook.
0:27 of 2nd period - Jake Leschyshyn wins face-off versus Michael Sgarbossa in CHARLOTTE Checkers zone.
0:30 of 2nd period - Shot by Will Cuylle.
0:30 of 2nd period - Shot Misses the Net.
0:32 of 2nd period - Shot by Will Cuylle.
0:32 of 2nd period - Shot Misses the Net.
0:34 of 2nd period - Shot by Jake Leschyshyn.
0:34 of 2nd period - Shot Misses the Net.
1:28 of 2nd period - Shot by Alexandre Texier.
1:28 of 2nd period - Shot Misses the Net.
1:51 of 2nd period - Tyler Tucker is hit by Nick Cicek and loses puck.
2:29 of 2nd period - Icing by Jared McIsaac.
2:30 of 2nd period - Stefan Matteau wins face-off versus Hendrix Lapierre in CALGARY Wranglers zone.
2:30 of 2nd period - Stefan Matteau is hit by Egor Zamula.
2:32 of 2nd period - Shot by Danny O'Regan.
2:32 of 2nd period - Stopped by Justus Annunen with a rebound.
2:49 of 2nd period - Matt Kiersted is hit by Will Cuylle and loses puck.
2:56 of 2nd period - Shot by Jake Leschyshyn.
2:56 of 2nd period - Shot Misses the Net.
3:28 of 2nd period - Shot by Michael Sgarbossa.
3:28 of 2nd period - Shot Misses the Net.
3:30 of 2nd period - Shot by Albin Grewe.
3:30 of 2nd period - Shot Misses the Net.
3:32 of 2nd period - Shot by Max Gildon.
3:32 of 2nd period - Shot Misses the Net.
3:41 of 2nd period - Icing by Daniil Miromanov.
3:42 of 2nd period - Alexandre Texier wins face-off versus Jake Leschyshyn in CALGARY Wranglers zone.
3:42 of 2nd period - Alexandre Texier is hit by Daniil Miromanov.
4:32 of 2nd period - Shot by Juraj Slafkovsky.
4:32 of 2nd period - Goal by Juraj Slafkovsky - CHARLOTTE Checkers : 0 - CALGARY Wranglers : 2.
4:33 of 2nd period - Michael Sgarbossa wins face-off versus Hendrix Lapierre in neutral zone.
4:47 of 2nd period - Shot by Samuel Fagemo.
4:47 of 2nd period - Shot Misses the Net.
4:49 of 2nd period - Shot by Hendrix Lapierre.
4:49 of 2nd period - Stopped by Hugo Alnefelt without a rebound.
4:50 of 2nd period - Martin Pospisil wins face-off versus Arnaud Durandeau in CHARLOTTE Checkers zone.
4:55 of 2nd period - Graeme Clarke is hit by Tyrell Goulbourne and loses puck.
5:26 of 2nd period - Shot by T.J. Tynan.
5:26 of 2nd period - Stopped by Justus Annunen with a rebound.
6:55 of 2nd period - Icing by Daniil Miromanov.
6:56 of 2nd period - Jack Drury wins face-off versus Danny O'Regan in CALGARY Wranglers zone.
9:01 of 2nd period - Icing by Jared McIsaac.
9:02 of 2nd period - Jack Drury wins face-off versus Alexandre Texier in CALGARY Wranglers zone.
9:23 of 2nd period - Shot by Justin Kirkland.
9:23 of 2nd period - Stopped by Justus Annunen without a rebound.
9:24 of 2nd period - T.J. Tynan wins face-off versus Jake Leschyshyn in CALGARY Wranglers zone.
9:41 of 2nd period - Shot by Martin Pospisil.
9:41 of 2nd period - Stopped by Justus Annunen without a rebound.
9:42 of 2nd period - Hendrix Lapierre wins face-off versus Alexandre Texier in CALGARY Wranglers zone.
9:42 of 2nd period - Hendrix Lapierre is hit by Nikita Popugaev.
10:33 of 2nd period - Icing by Josh Brook.
10:34 of 2nd period - Jack Drury wins face-off versus T.J. Tynan in CHARLOTTE Checkers zone.
10:53 of 2nd period - Shot by Jack Drury.
10:53 of 2nd period - Stopped by Hugo Alnefelt without a rebound.
10:54 of 2nd period - Michael Sgarbossa wins face-off versus Jake Leschyshyn in CHARLOTTE Checkers zone.
10:54 of 2nd period - Michael Sgarbossa is hit by Jake Leschyshyn.
11:13 of 2nd period - Off-side.
11:14 of 2nd period - Jack Drury wins face-off versus Alexandre Texier in neutral zone.
11:22 of 2nd period - Shot by Jack Drury.
11:22 of 2nd period - Stopped by Hugo Alnefelt without a rebound.
11:23 of 2nd period - Juraj Slafkovsky wins face-off versus Michael Sgarbossa in CHARLOTTE Checkers zone.
11:28 of 2nd period - Shot by Tyler Tucker.
11:28 of 2nd period - Stopped by Hugo Alnefelt without a rebound.
11:29 of 2nd period - Michael Sgarbossa wins face-off versus Jack Drury in CHARLOTTE Checkers zone.
11:29 of 2nd period - Michael Sgarbossa is hit by Juraj Slafkovsky.
11:40 of 2nd period - Icing by Tyler Tucker.
11:41 of 2nd period - Jack Drury wins face-off versus Alexandre Texier in CALGARY Wranglers zone.
11:41 of 2nd period - Jack Drury is hit by Alexandre Texier.
11:59 of 2nd period - Nikita Popugaev is hit by Alex Galchenyuk and loses puck.
13:03 of 2nd period - Shot by Egor Sokolov.
13:03 of 2nd period - Stopped by Hugo Alnefelt without a rebound.
13:04 of 2nd period - Hendrix Lapierre wins face-off versus T.J. Tynan in CHARLOTTE Checkers zone.
13:30 of 2nd period - Shot by Gabriel Fortier.
13:30 of 2nd period - Stopped by Hugo Alnefelt with a rebound.
13:57 of 2nd period - Graeme Clarke is hit by Nick Henry and loses puck.
15:22 of 2nd period - Shot by Akito Hirose.
15:22 of 2nd period - Stopped by Hugo Alnefelt without a rebound.
15:23 of 2nd period - Jake Leschyshyn wins face-off versus Alexandre Texier in CHARLOTTE Checkers zone.
15:24 of 2nd period - Shot by Will Cuylle.
15:24 of 2nd period - Stopped by Hugo Alnefelt without a rebound.
15:25 of 2nd period - Jake Leschyshyn wins face-off versus Alexandre Texier in CHARLOTTE Checkers zone.
15:25 of 2nd period - Will Cuylle is hit by Michael Callahan and loses puck.
15:40 of 2nd period - Jake Leschyshyn is hit by Nick Cicek and loses puck.
15:42 of 2nd period - Minor Penalty to Will Cuylle for Roughing.
15:43 of 2nd period - Jake Leschyshyn wins face-off versus T.J. Tynan in CALGARY Wranglers zone.
16:04 of 2nd period - Shot by Justin Kirkland.
16:04 of 2nd period - Shot Misses the Net.
16:53 of 2nd period - Shot by Josh Brook.
16:53 of 2nd period - Stopped by Justus Annunen without a rebound.
16:54 of 2nd period - Jake Leschyshyn wins face-off versus Albin Grewe in CALGARY Wranglers zone.
17:10 of 2nd period - Shot by Yan Kuznetsov.
17:10 of 2nd period - Stopped by Justus Annunen without a rebound.
17:11 of 2nd period - Jack Drury wins face-off versus Michael Sgarbossa in CALGARY Wranglers zone.
17:26 of 2nd period - Shot by Matt Kiersted.
17:26 of 2nd period - Shot Blocked by Daniil Miromanov.
17:58 of 2nd period - Shot by Graeme Clarke.
17:58 of 2nd period - Shot Misses the Net.
19:18 of 2nd period - Shot by Akito Hirose.
19:18 of 2nd period - Stopped by Hugo Alnefelt without a rebound.
19:19 of 2nd period - Jack Drury wins face-off versus Michael Sgarbossa in CHARLOTTE Checkers zone.
Goals for this period are 0 for CHARLOTTE Checkers vs 1 for CALGARY Wranglers.
Shots for this period are 6 for CHARLOTTE Checkers vs 10 for CALGARY Wranglers.

3rd period


0:01 of 3rd period - Michael Sgarbossa wins face-off versus Juraj Slafkovsky in neutral zone.
0:12 of 3rd period - Shot by Michael Raffl.
0:12 of 3rd period - Stopped by Justus Annunen with a rebound.
0:25 of 3rd period - Off-side.
0:26 of 3rd period - Jake Leschyshyn wins face-off versus Alexandre Texier in neutral zone.
0:55 of 3rd period - Shot by Egor Sokolov.
0:55 of 3rd period - Stopped by Hugo Alnefelt without a rebound.
0:56 of 3rd period - Michael Sgarbossa wins face-off versus Jack Drury in CHARLOTTE Checkers zone.
1:21 of 3rd period - Shot by Michael Sgarbossa.
1:21 of 3rd period - Deflect By Albin Grewe.
1:21 of 3rd period - Shot Misses the Net.
1:23 of 3rd period - Shot by Albin Grewe.
1:23 of 3rd period - Stopped by Justus Annunen without a rebound.
1:24 of 3rd period - Hendrix Lapierre wins face-off versus T.J. Tynan in CALGARY Wranglers zone.
1:56 of 3rd period - T.J. Tynan is hit by Hendrix Lapierre and loses puck.
2:04 of 3rd period - Icing by Jared McIsaac.
2:05 of 3rd period - Hendrix Lapierre wins face-off versus Michael Sgarbossa in CALGARY Wranglers zone.
2:05 of 3rd period - Hendrix Lapierre is hit by Albin Grewe.
2:23 of 3rd period - Shot by Michael Sgarbossa.
2:23 of 3rd period - Shot Misses the Net.
2:43 of 3rd period - Akito Hirose is hit by Albin Grewe and loses puck.
2:51 of 3rd period - Icing by Tyler Tucker.
2:52 of 3rd period - Jack Drury wins face-off versus Alexandre Texier in CALGARY Wranglers zone.
3:11 of 3rd period - Shot by Alexandre Texier.
3:11 of 3rd period - Shot Misses the Net.
3:13 of 3rd period - Shot by Nikita Popugaev.
3:13 of 3rd period - Shot Blocked by Alex Galchenyuk.
3:15 of 3rd period - Shot by Max Gildon.
3:15 of 3rd period - Shot Misses the Net.
3:17 of 3rd period - Shot by Justin Kirkland.
3:17 of 3rd period - Stopped by Justus Annunen without a rebound.
3:18 of 3rd period - T.J. Tynan wins face-off versus Jake Leschyshyn in CALGARY Wranglers zone.
3:34 of 3rd period - T.J. Tynan is hit by Daniil Miromanov and loses puck.
3:43 of 3rd period - Shot by Egor Sokolov.
3:43 of 3rd period - Shot Misses the Net.
4:14 of 3rd period - Shot by Matt Kiersted.
4:14 of 3rd period - Deflect By Michael Sgarbossa.
4:14 of 3rd period - Shot Misses the Net.
4:16 of 3rd period - Shot by Josh Brook.
4:16 of 3rd period - Shot Misses the Net.
4:18 of 3rd period - Shot by Matt Kiersted.
4:18 of 3rd period - Shot Blocked by Egor Zamula.
4:22 of 3rd period - Shot by Michael Raffl.
4:22 of 3rd period - Shot Misses the Net.
4:29 of 3rd period - Shot by Michael Sgarbossa.
4:29 of 3rd period - Shot Misses the Net.
4:47 of 3rd period - Shot by Alexandre Texier.
4:47 of 3rd period - Stopped by Justus Annunen with a rebound.
4:49 of 3rd period - Shot by Alexandre Texier.
4:49 of 3rd period - Stopped by Justus Annunen without a rebound.
4:50 of 3rd period - Jack Drury wins face-off versus Alexandre Texier in CALGARY Wranglers zone.
4:59 of 3rd period - Shot by Jack Drury.
4:59 of 3rd period - Shot Misses the Net.
5:26 of 3rd period - Icing by Akito Hirose.
5:27 of 3rd period - T.J. Tynan wins face-off versus Jack Drury in CALGARY Wranglers zone.
5:28 of 3rd period - Shot by Martin Pospisil.
5:28 of 3rd period - Stopped by Justus Annunen with a rebound.
5:54 of 3rd period - Daniil Miromanov is hit by Martin Pospisil and loses puck.
6:05 of 3rd period - Shot by Will Cuylle.
6:05 of 3rd period - Shot Misses the Net.
6:07 of 3rd period - Shot by Daniil Miromanov.
6:07 of 3rd period - Stopped by Hugo Alnefelt with a rebound.
6:11 of 3rd period - Shot by Will Cuylle.
6:11 of 3rd period - Shot Blocked by Michael Callahan.
6:17 of 3rd period - Shot by Egor Sokolov.
6:17 of 3rd period - Stopped by Hugo Alnefelt without a rebound.
6:18 of 3rd period - Hendrix Lapierre wins face-off versus Michael Sgarbossa in CHARLOTTE Checkers zone.
6:30 of 3rd period - Michael Raffl is hit by Gabriel Fortier and loses puck.
6:35 of 3rd period - Shot by Hendrix Lapierre.
6:35 of 3rd period - Shot Blocked by Josh Brook.
7:31 of 3rd period - Shot by Arnaud Durandeau.
7:31 of 3rd period - Shot Misses the Net.
7:33 of 3rd period - Shot by Arnaud Durandeau.
7:33 of 3rd period - Stopped by Hugo Alnefelt with a rebound.
7:35 of 3rd period - Shot by Jean-Luc Foudy.
7:35 of 3rd period - Stopped by Hugo Alnefelt without a rebound.
7:36 of 3rd period - Danny O'Regan wins face-off versus Jack Drury in CHARLOTTE Checkers zone.
8:02 of 3rd period - Shot by Juraj Slafkovsky.
8:02 of 3rd period - Shot Misses the Net.
8:50 of 3rd period - Shot by Will Cuylle.
8:50 of 3rd period - Stopped by Hugo Alnefelt without a rebound.
8:51 of 3rd period - Jean-Luc Foudy wins face-off versus Michael Sgarbossa in CHARLOTTE Checkers zone.
9:09 of 3rd period - Icing by Egor Zamula.
9:10 of 3rd period - Jean-Luc Foudy wins face-off versus Alexandre Texier in CALGARY Wranglers zone.
10:14 of 3rd period - Off-side.
10:15 of 3rd period - Jake Leschyshyn wins face-off versus Michael Sgarbossa in neutral zone.
10:15 of 3rd period - Jake Leschyshyn is hit by Michael Raffl.
10:18 of 3rd period - Will Cuylle is hit by Matt Kiersted.
10:22 of 3rd period - Shot by Jake Leschyshyn.
10:22 of 3rd period - Shot Misses the Net.
10:32 of 3rd period - Jake Leschyshyn is hit by Michael Raffl and loses puck.
10:38 of 3rd period - Albin Grewe is hit by Daniil Miromanov and loses puck.
11:32 of 3rd period - Shot by Jack Drury.
11:32 of 3rd period - Stopped by Hugo Alnefelt without a rebound.
11:33 of 3rd period - Danny O'Regan wins face-off versus Hendrix Lapierre in CHARLOTTE Checkers zone.
11:41 of 3rd period - Icing by Jared McIsaac.
11:42 of 3rd period - Gabriel Fortier wins face-off versus Danny O'Regan in CALGARY Wranglers zone.
11:53 of 3rd period - Josh Brook is hit by Samuel Fagemo and loses puck.
12:16 of 3rd period - Off-side.
12:17 of 3rd period - Jack Drury wins face-off versus Michael Sgarbossa in neutral zone.
12:17 of 3rd period - Minor Penalty to Albin Grewe for Delaying the game.
12:18 of 3rd period - Michael Sgarbossa wins face-off versus Jake Leschyshyn in CHARLOTTE Checkers zone.
12:33 of 3rd period - Shot by Alex Galchenyuk.
12:33 of 3rd period - Shot Misses the Net.
13:06 of 3rd period - Shot by Michael Sgarbossa.
13:06 of 3rd period - Shot Misses the Net.
13:40 of 3rd period - Shot by Brock Faber.
13:40 of 3rd period - Stopped by Hugo Alnefelt with a rebound.
15:32 of 3rd period - Shot by T.J. Tynan.
15:32 of 3rd period - Shot Blocked by Tyler Tucker.
16:15 of 3rd period - Icing by Matt Kiersted.
16:16 of 3rd period - Jake Leschyshyn wins face-off versus Alexandre Texier in CHARLOTTE Checkers zone.
16:23 of 3rd period - Shot by Jared McIsaac.
16:23 of 3rd period - Shot Misses the Net.
16:29 of 3rd period - Shot by Will Cuylle.
16:29 of 3rd period - Stopped by Hugo Alnefelt without a rebound.
16:30 of 3rd period - Michael Sgarbossa wins face-off versus Jean-Luc Foudy in CHARLOTTE Checkers zone.
16:57 of 3rd period - Shot by Jean-Luc Foudy.
16:57 of 3rd period - Shot Misses the Net.
16:59 of 3rd period - Shot by Arnaud Durandeau.
16:59 of 3rd period - Shot Blocked by Albin Grewe.
17:01 of 3rd period - Shot by Jean-Luc Foudy.
17:01 of 3rd period - Shot Blocked by Michael Callahan.
17:34 of 3rd period - Icing by Martin Pospisil.
17:35 of 3rd period - Martin Pospisil wins face-off versus Jack Drury in CHARLOTTE Checkers zone.
17:35 of 3rd period - T.J. Tynan is hit by Alex Galchenyuk and loses puck.
17:58 of 3rd period - Shot by Juraj Slafkovsky.
17:58 of 3rd period - Stopped by Hugo Alnefelt without a rebound.
17:59 of 3rd period - Nikita Popugaev wins face-off versus Will Cuylle in CHARLOTTE Checkers zone.
18:30 of 3rd period - Shot by Alexandre Texier.
18:30 of 3rd period - Stopped by Justus Annunen with a rebound.
18:32 of 3rd period - Shot by Josh Brook.
18:32 of 3rd period - Stopped by Justus Annunen with a rebound.
19:17 of 3rd period - Shot by Juraj Slafkovsky.
19:17 of 3rd period - Shot Misses the Net.
19:18 of 3rd period - Minor Penalty to Alex Galchenyuk for High sticking.
19:19 of 3rd period - Hendrix Lapierre wins face-off versus T.J. Tynan in CALGARY Wranglers zone.
Goals for this period are 0 for CHARLOTTE Checkers vs 0 for CALGARY Wranglers.
Shots for this period are 8 for CHARLOTTE Checkers vs 10 for CALGARY Wranglers. Output by the SimonT Hockey Simulator (STHS) for Martin Benoit - Original Page W3C HTML5 Valid
Hockey Simulator - Hockey Simulation - Hockey Manager